 Dungeon Crawl Stone Soup version 0.29.1-2-gbd0b4ee654 (webtiles) character file.

Game seed: 9423789526699949768

4690 Sabo the Cleaver (level 10, -1/145 HPs)
             Began as a Troll Berserker on Oct 30, 2022.
             Was a High Priest of Trog.
             Slain by a gnoll
             ... wielding a +0 flail
             ... led by a gnoll bouda
              (5 damage)
             ... on level 8 of the Dungeon.
             The game lasted 00:47:06 (7855 turns).

Sabo the Cleaver (Troll Berserker)                  Turns: 7855, Time: 00:47:08

Health: -1/145     AC: 12    Str: 29    XL:     10   Next: 21%
Magic:  9/9        EV: 11    Int:  5    God:    Trog [*****.]
Gold:   439        SH:  0    Dex:  9    Spells: 9/9 levels left

rFire   . . .      SeeInvis +   d - +1 broad axe
rCold   . . .      Faith    .   B - orb {light}
rNeg    . . .      Spirit   .   P - +2 robe {Will+}
rPois   .          Reflect  .   M - +2 hat
rElec   .          Harm     .   (no cloak)
rCorr   .          Rampage  .   (gloves unavailable)
Will    +....                   (boots unavailable)
Stlth   ..........              (no amulet)
HPRegen 1.14/turn               f - +4 ring of protection
MPRegen 0.11/turn               o - ring of see invisible

@: berserking, lethally poisoned (-1 -> -2), weakened, glowing, very quick
A: large, unfitting armour, claws 3, regeneration 1, shaggy fur 1, tough skin 1
a: Renounce Religion, Berserk, Trog's Hand, Brothers in Arms


You were on level 8 of the Dungeon.
You worshipped Trog.
Trog was extremely pleased with you.
You visited 1 branch of the dungeon, and saw 8 of its levels.
You also visited: Sewer and Ossuary.

You collected 439 gold pieces.

Inventory:

Hand Weapons
 a - a +0 war axe of electrocution
 d - a +1 broad axe (weapon)
 y - a +0 giant spiked club
 E - a +0 shortbow
 F - a +3 war axe
Missiles
 c - 3 boomerangs
 v - 21 poisoned darts (quivered)
 I - 4 silver boomerangs
Armour
 B - an orb of light (worn)
 M - a +2 hat (worn)
 P - a +2 robe of willpower (worn)
Jewellery
 f - a +4 ring of protection (left claw)
 n - a +6 ring of intelligence
 o - a ring of see invisible (right claw)
Wands
 b - a wand of mindburst (1)
 J - a wand of paralysis (6)
 N - a wand of digging (4)
 O - a wand of iceblast (13)
Scrolls
 e - 7 scrolls of teleportation
 i - a scroll of butterflies
 q - 3 scrolls of blinking
 r - a scroll of poison
 A - a scroll of summoning
 C - a scroll of noise {unknown}
 G - a scroll of silence {unknown}
 K - a scroll of fear {unknown}
Potions
 g - 3 potions of haste {unknown}
 j - 2 potions of curing {unknown}
 k - 2 potions of flight {unknown}
 l - a potion of magic {unknown}
 m - 2 potions of berserk rage {unknown}
 p - 3 potions of degeneration {unknown}
 s - 3 potions of invisibility
 t - a potion of cancellation {unknown}
 u - a potion of experience {unknown}
 w - 3 potions of mutation {unknown}
 x - 2 potions of might
 z - a potion of heal wounds {unknown}
 D - a potion of resistance {unknown}
 H - a potion of ambrosia {unknown}
 L - a potion of brilliance {unknown}


   Skills:
 + Level 5.6 Fighting
 + Level 10.5 Axes
 + Level 5.4 Dodging
 + Level 1.5 Stealth


You had 9 spell levels left.
You didn't know any spells.
Your spell library was empty.

Dungeon Overview and Level Annotations

Branches:
Dungeon (8/15)             Temple (0/1) D:7           Sewer (visited)
Ossuary (visited)
   Lair: D:8-11

Altars:
Dithmenos
Makhleb

Shops:
D:4 :


Innate Abilities, Weirdness & Mutations

You are too large for most types of armour.
You have claws for hands.
Your natural rate of healing is unusually fast.
You are covered in fur. (AC +1)
You have tough skin. (AC +1)


Message History

Trog accepts your kill.
You slash the wyvern!
You kill the wyvern!
Trog accepts your kill.
You feel sick. The gnoll misses you. The killer bee closely misses you.
You miss the killer bee.
You feel sick.
The killer bee stings you but does no damage.
The gnoll hits you from afar with a +0 halberd.
The killer bee stings you.
You are more poisoned.
The killer bee poisons you!
You hit the killer bee.
The killer bee is lightly wounded.
You feel sick. The killer bee stings you.
The gnoll hits you from afar with a +0 halberd.
* * * LOW HITPOINT WARNING * * *
The killer bee barely misses you.
A red film seems to cover your vision as you go berserk!
You feel yourself moving faster!
You feel mighty!
You feel sick. The killer bee stings you.
* * * LOW HITPOINT WARNING * * *
The gnoll hits you from afar with a +0 halberd!
* * * LOW HITPOINT WARNING * * *
The gnoll hits you with a +0 flail.
* * * LOW HITPOINT WARNING * * *
The killer bee closely misses you.
You hit the gnoll.
The gnoll is lightly wounded.
You slash the killer bee!
You feel sick.
The killer bee stings you but does no damage.
The gnoll closely misses you. The gnoll hits you but does no damage.
The killer bee stings you.
* * * LOW HITPOINT WARNING * * *
You closely miss the killer bee.
The killer bee is heavily wounded.
You barely miss the gnoll.
You feel sick. The killer bee barely misses you.
The gnoll hits you from afar with a +0 halberd!
* * * LOW HITPOINT WARNING * * *
The gnoll hits you with a +0 flail.
You die...

#....# ...... #....#
$........#
#....#####....##...#
#...................
##.##.....###......#
#######...##...!...
##.....#.#.......
#........gy......
#####.....#@#..#.#
##.##......)†#...#
##..##.#...##.g...# .
#......#.........##..
###................§.
#####.........[..lg
###..............y
#...##............
###..#.....^.).y..


You could see a killer bee and 2 gnolls.

Vanquished Creatures
  Joseph (D:7)
  A wyvern (D:8)
  Menkaure (D:4)
  2 water moccasins (D:7)
  An orc warrior (D:6)
  3 sky beasts
  5 ogres
  A centaur (D:6)
  2 phantoms
  A necrophage (D:4)
  15 scorpions
  3 bullfrogs
  A gnoll sergeant (D:7)
  3 wights (D:6)
  11 killer bees
  A howler monkey (D:6)
  2 centaur zombies (Ossuary)
  4 hounds
  2 human zombies (Ossuary)
  3 jellies
  A gnoll bouda (D:8)
  2 orc priests
  An iguana (D:4)
  Ijyb (D:3)
  3 orc wizards
  2 scorpion zombies (Ossuary)
  3 mummies (Ossuary)
  3 gnolls (D:7)
  10 adders
  3 river rats (Sewer)
  2 white imps
  An ufetubus (D:6)
  3 worms (D:3)
  5 dart slugs
  17 orcs
  5 bats
  4 endoplasms
  4 giant cockroaches
  6 gnoll zombies (Ossuary)
  6 goblins
  8 hobgoblins
  A quokka (D:4)
  6 ball pythons
  2 frilled lizards
  5 goblin zombies
  A hobgoblin zombie (Ossuary)
  22 kobolds
  A kobold zombie (Ossuary)
  An orc zombie (Ossuary)
  A quokka zombie (D:4)
  17 rats
210 creatures vanquished.

Vanquished Creatures (others)
  A plant (D:1)
1 creature vanquished.

Grand Total: 211 creatures vanquished

Notes
Turn   | Place    | Note
-------+----------+-------------------------------------------
     0 | D:1      | Sabo the Troll Berserker began the quest for the Orb.
     0 | D:1      | Reached XP level 1. HP: 22/22 MP: 0/0
   279 | D:1      | Reached XP level 2. HP: 29/29 MP: 1/1
   332 | D:1      | Found a faded altar of an unknown god.
   603 | D:1      | Reached skill level 3 in Axes
   738 | D:1      | Reached XP level 3. HP: 36/36 MP: 2/2
  1103 | D:2      | Found a shadowy altar of Dithmenos.
  1332 | D:2      | Reached ** piety under Trog
  2358 | D:3      | Noticed Ijyb
  2363 | D:3      | Paralysed by Ijyb for 4 turns
  2392 | D:3      | Killed Ijyb
  2393 | D:3      | Reached XP level 4. HP: 42/44 MP: 3/3
  2413 | D:3      | Found a glowing drain.
  2438 | Sewer    | Entered a sewer
  2688 | Sewer    | Reached XP level 5. HP: 49/53 MP: 4/4
  2770 | Sewer    | Reached *** piety under Trog
  3094 | D:3      | Reached skill level 4 in Axes
  3341 | D:4      | Found Ruzim's Book Emporium.
  3401 | D:4      | Noticed a phantom
  3410 | D:4      | Killed a phantom
  3411 | D:4      | Reached XP level 6. HP: 59/61 MP: 5/5
  3427 | D:4      | Reached skill level 5 in Axes
  3556 | D:4      | Found a sand-covered staircase.
  3560 | D:4      | Reached XP level 7. HP: 60/67 MP: 6/6
  3585 | Ossuary  | Entered an ossuary
  3605 | Ossuary  | Reached **** piety under Trog
  3678 | Ossuary  | Reached skill level 6 in Axes
  3786 | Ossuary  | Reached XP level 8. HP: 69/78 MP: 7/7
  3803 | Ossuary  | Reached skill level 7 in Axes
  4073 | D:4      | Noticed Menkaure
  4081 | D:4      | Killed Menkaure
  4383 | D:4      | Reached skill level 8 in Axes
  4432 | D:5      | Entered Level 5 of the Dungeon
  4477 | D:5      | Reached skill level 1 in Stealth
  4640 | D:5      | Reached ***** piety under Trog
  4967 | D:5      | Reached XP level 9. HP: 77/85 MP: 8/8
  5183 | D:5      | Found a burning altar of Makhleb.
  5876 | D:6      | Reached skill level 9 in Axes
  6588 | D:6      | Reached skill level 5 in Dodging
  6905 | D:7      | Noticed Joseph
  6922 | D:7      | Killed Joseph
  6923 | D:7      | Reached skill level 5 in Fighting
  7168 | D:7      | Found a staircase to the Ecumenical Temple.
  7272 | D:7      | Reached skill level 10 in Axes
  7290 | D:7      | Reached XP level 10. HP: 25/96 MP: 9/9
  7855 | D:8      | HP: 4/145 [gnoll/+0 halberd[a gnoll bouda] (12)]
  7855 | D:8      | Slain by a gnoll

Illustrated notes

Levels and vault maps discovered:
D:1:      minmay_arrival_hallway, layout_loops_ring,
          ebering_ecumenical_altar_hall, minivault_23, dk_noncrumbling_3,
          serial_bayou_pond_a, grunt_decor_junction
D:2:      layout_loops_corners, basic_altar
D:3:      layout_loops_cross, cheibrodos_sewer_entry_bend, uniq_ijyb
D:4:      minmay_skewed_foursquare, layout_rooms, enter_ossuary_4, serial_shops,
          nicolae_shop_trees, uniq_menkaure
D:5:      layout_cave_pods, general_overflow_altar
D:6:      layout_layer_cave
D:7:      layout_loops_ring, minmay_temple_entry_mini_moons, uniq_joseph
D:8:      layout_cave_pools

Skill      XL: |  1  2  3  4  5  6  7  8  9 |
---------------+----------------------------+-----
Axes           | 3 4 5 6 8 10 | 10.5
Dodging        | 3 4 5 |  5.4
Fighting       | 3 4 5 |  5.6
Stealth        | 1 |  1.5

Action                   |  1- 3 |  4- 6 |  7- 9 | 10-12 || total
-------------------------+-------+-------+-------+-------++-------
Melee: Hand axe          |   141 |   103 |       |       ||   244
       Broad axe         |       |    80 |   230 |    41 ||   351
       Punch             |       |     3 |     2 |       ||     5
Invok: Berserk           |       |       |     2 |     1 ||     3
  Use: Scroll            |     4 |     8 |     4 |     2 ||    18
 Stab: Sleeping          |       |       |     1 |       ||     1
Armor: Animal skin       |    69 |   106 |   141 |     5 ||   321
       Robe              |       |       |       |    29 ||    29
Dodge: Dodged            |    73 |   162 |   169 |    46 ||   450
